 Dungeon Crawl Stone Soup version 0.30-a0-632-g346586fe48 (webtiles) character file.

Game seed: 1037388013505524244

200 drugrobin the Ruffian (level 5, -10/42 HPs)
             Began as a Demigod Delver on Jan 14, 2023.
             Mangled by Pikel
             ... wielding a +0 whip of electrocution
              (17 damage)
             ... on level 5 of the Dungeon.
             The game lasted 00:07:10 (3560 turns).

drugrobin the Ruffian (Demigod Delver)              Turns: 3560, Time: 00:07:10

Health: -10/42     AC:  7    Str: 17    XL:     5   Next: 24%
Magic:  7/7        EV: 10    Int: 12    God:
Gold:   216        SH:  0    Dex: 15    Spells: 4/4 levels left

rFire   . . .      SeeInvis +    b - +8 mace of the Leaping Priest {flame, *Noise rN+ SInv}
rCold   . . .      Faith    .    (no shield)
rNeg    + . .      Spirit   .    r - +0 scale mail
rPois   .          Reflect  .    B - +0 helmet
rElec   .          Harm     .    (no cloak)
rCorr   .          Rampage  .    (no gloves)
Will    .....                    (no boots)
Stlth   +                        (no amulet)
HPRegen 0.27/turn                (no ring)
MPRegen 0.10/turn                (no ring)

@: no status effects
A: high MP 1, forlorn, divine attributes
a: no special abilities


You were on level 5 of the Dungeon.
You visited 1 branch of the dungeon, and saw 5 of its levels.

You collected 216 gold pieces.

Inventory:

Hand Weapons
 b - the +8 mace of the Leaping Priest (weapon) {flame, *Noise rN+ SInv}
   (You found it on level 2 of the Dungeon)

   rN:        It protects you from negative energy.
   SInv:      It lets you see invisible.
   *Noise:    It may make noises in combat.
Missiles
 o - a throwing net (quivered)
 q - 4 poisoned darts
Armour
 a - a +0 leather armour
 r - a +0 scale mail (worn)
 B - a +0 helmet (worn)
Jewellery
 E - the ring of Seemi {Fire rElec Dex+4 Stlth+}
   (You found it on level 4 of the Dungeon)

   [ring of fire]

   It enhances your fire magic.
   Dex:       It affects your dexterity (+4).
   rF:        It protects you from fire.
   rC:        It makes you vulnerable to cold.
   rElec:     It insulates you from electricity.
   Stlth:     It makes you more stealthy.
Wands
 f - a wand of digging (3)
 z - a wand of iceblast (5)
 A - a wand of mindburst (18)
Scrolls
 c - 3 scrolls of magic mapping
 d - a scroll of fear
 j - 4 scrolls of immolation {unknown}
 k - 2 scrolls of fog
 n - a scroll of teleportation {unknown}
 p - 3 scrolls of identify {unknown}
 s - 2 scrolls of enchant armour {unknown}
 t - a scroll of vulnerability {unknown}
 x - a scroll of blinking {unknown}
 y - a scroll of noise {unknown}
 C - a scroll of butterflies {unknown}
Potions
 e - a potion of haste
 g - 2 potions of ambrosia {unknown}
 h - 2 potions of curing {unknown}
 i - 2 potions of heal wounds {unknown}
 l - a potion of lignification {unknown}
 m - 3 potions of might {unknown}
 u - a potion of resistance {unknown}
 v - a potion of cancellation {unknown}
 w - 5 potions of degeneration {unknown}
 D - 2 potions of brilliance {unknown}


   Skills:
 - Level 2.6 Fighting
 - Level 1.7 Dodging
 - Level 4.5 Stealth
 + Level 5.3 Unarmed Combat


You had 4 spell levels left.
You didn't know any spells.
Your spell library was empty.

Dungeon Overview and Level Annotations

Branches:
Dungeon (5/15)             Temple (0/1) D:4

Shops:
D:3 (

Annotations:
D:5 Pikel


Innate Abilities, Weirdness & Mutations

You have an increased reservoir of magic. (+10% MP)
You shall have no god before yourself.
Your divine heritage dramatically boosts your attributes as you level up.


Message History

Pikel is caught in the net!
Pikel struggles against the net.
Unknown command.
You hit Pikel. You burn Pikel.
Pikel is lightly wounded.
Pikel struggles against the net.
A lemure comes into view.
Pikel struggles against the net.
Unknown command.
You hit Pikel. You burn Pikel.
Pikel is moderately wounded.
Pikel struggles against the net.
The net rips apart, and Pikel comes free!
Unknown command.
You barely miss Pikel.
Pikel is moderately wounded.
Pikel barely misses you.
You sock Pikel! You burn Pikel.
Pikel is heavily wounded.
Pikel barely misses you. Pikel hits you but does no damage.
You sock Pikel! You burn Pikel.
Pikel is almost dead.
Pikel says, "Don't tell anyone, but I think Ereshkigal likes me."
Pikel closely misses you.
You closely miss Pikel.
Pikel is almost dead.
Pikel hits you with a +0 whip of electrocution. x2
You are electrocuted!
You hit Pikel but do no damage.
Pikel is almost dead.
Pikel barely misses you.
You closely miss Pikel.
Pikel is almost dead.
Pikel hits you with a +0 whip of electrocution.
You hit Pikel but do no damage.
Pikel is almost dead.
Pikel hits you with a +0 whip of electrocution!
* * * LOW HITPOINT WARNING * * *
You are electrocuted!
You die...

#.#.............#.#
#
#.#############.#.#
# #.# #.#.# # #.#
#.#.#### #.#
#.#..... #.#
#.#.###. #.#
###########.#.....
#.#
#...........#.###.
#.# #@###########.#
## #.# #K# #.# #
#.# #5# #.#### #.#
#5# #..... #.###5#
###### ####...#.#
#........#
#.##........
#.##.####.##


You could see Pikel and 3 lemures.

Vanquished Creatures
  A lemure (D:5)
  2 jellies
  Ijyb (D:3)
  2 adders
  2 dart slugs
  12 orcs
  8 ball pythons
  4 bats
  6 endoplasms
  4 giant cockroaches
  8 goblins
  5 hobgoblins
  6 jackals (D:4)
  3 quokkas
  3 frilled lizards (D:1)
  4 kobolds
  3 rats
74 creatures vanquished.

Notes
Turn   | Place    | Note
-------+----------+-------------------------------------------
     0 | D:5      | drugrobin the Demigod Delver began the quest for the Orb.
     0 | D:5      | Reached XP level 1. HP: 18/18 MP: 3/3
   276 | D:4      | Reached skill level 2 in Unarmed Combat
   291 | D:4      | Found a staircase to the Ecumenical Temple.
   501 | D:2      | Reached XP level 2. HP: 10/25 MP: 4/4
   553 | D:2      | Identified the +8 mace of the Leaping Priest {flame, *Noise
                  | rN+ SInv}
   692 | D:1      | Reached skill level 3 in Unarmed Combat
  1329 | D:1      | Reached XP level 3. HP: 30/30 MP: 5/5
  2025 | D:3      | Found Mizigraj's Antique Weapon Emporium.
  2245 | D:3      | Noticed Ijyb
  2250 | D:3      | Killed Ijyb
  2251 | D:3      | Reached skill level 4 in Unarmed Combat
  2251 | D:3      | Reached XP level 4. HP: 23/37 MP: 6/6
  2480 | D:3      | Identified the +2 pair of boots of Zimaihum {rF+ Stlth+}
  3071 | D:4      | Reached skill level 5 in Unarmed Combat
  3080 | D:4      | Identified the ring of Seemi {Fire rElec Dex+4 Stlth+}
  3248 | D:4      | Reached XP level 5. HP: 31/42 MP: 7/7
  3544 | D:5      | Noticed Pikel
  3560 | D:5      | Mangled by Pikel

Illustrated notes

Levels and vault maps discovered:
D:1:      heliophobic_arrival_dark_side_of_the_moon, layout_basic,
          basic_ecumenical_altar, serial_glass, glass_columns_b,
          glass_columns_a, glass_columns_b, glass_columns_c
D:2:      layout_basic, kennysheep_pointless_box
D:3:      layout_basic, kennysheep_ying_yang, grunt_temple_overflow_open,
          serial_shops, shop, uniq_ijyb
D:4:      layout_gridville, minmay_temple_entry_antechambers
D:5:      layout_loops_ring, uniq_crazy_yiuf_cottage, uniq_pikel

Skill      XL: |  1  2  3  4 |
---------------+-------------+-----
Unarmed Combat | 2 3 4 5 |  5.3
Fighting       | |  2.6
Dodging        | |  1.7
Stealth        | |  4.5

Action                   |  1- 3 |  4- 6 || total
-------------------------+-------+-------++-------
Melee: Unarmed           |    39 |       ||    39
       Punch             |     2 |     1 ||     3
       Mace              |    66 |    63 ||   129
Throw: Throwing net      |       |     1 ||     1
 Stab: Sleeping          |     3 |       ||     3
Armor: Leather armour    |    31 |       ||    31
       Scale mail        |    10 |    33 ||    43
Dodge: Dodged            |    49 |    42 ||    91

Table legend: (Time is in decaauts)
 A = Elapsed time spent in this place.
 B = Non-inter-level travel time spent in this place.
 C = Inter-level travel time spent in this place.
 D = Time resting spent in this place.
 E = Time spent auto-exploring this place.
 F = Levels seen in this place.
 G = Mean time per level.
                   A        B        C        D        E       F      G
               +--------+--------+--------+--------+--------+-----+--------+
         Total |   3606 |   3430 |    176 |      0 |   2590 |   5 |  721.2 |
       Dungeon |   3606 |   3430 |    176 |      0 |   2590 |   5 |  721.2 |
               +--------+--------+--------+--------+--------+-----+--------+

Top non-repeatable levels by time:
     D:1: 844 daAuts
     D:4: 816 daAuts
     D:3: 774 daAuts
     D:2: 694 daAuts
     D:5: 476 daAuts
